[Event "I. Hungarian E-mail Final"]
[Site "E4EC"]
[Date "2003.12.06"]
[Round "1"]
[White "Szabó, Zsolt"]
[Black "Fogarasi, Norbert"]
[Board "1799"]
[TimeControl "10/50"]
[WhiteElo "2253"]
[BlackElo "1800"]
[WhiteCountry "HUN"]
[BlackCountry "HUN"]
[Result "1/2-1/2"]

1.d4 d5 2.c4 c6 3.Nf3 Nf6 4.Nc3 dxc4 5.a4 Bf5 6.e3 e6 7.Bxc4 Bb4
8.O-O Nbd7 9.Qe2 Bg6 10.e4 O-O 11.Bd3 Re8 12.e5 Bxd3 13.Qxd3 Nd5
14.Nxd5 exd5 15.Ng5 Nf8 16.f4 f6 17.Nf3 fxe5 18.fxe5 Ne6 19.Qf5 Qe7
20.Ng5 Nxg5 21.Bxg5 Qe6 22.Rad1 c5 23.Be3 c4 24.Bd2 a5 25.Bc3 Qxf5
26.Rxf5 b6 27.Re1 Rf8 28.g4 g6 29.Rf6 Rxf6 30.exf6 h6 31.Re5 Rd8
32.Bxb4 axb4 33.h4 c3 34.bxc3 bxc3 35.g5 Rc8 36.Re1 hxg5 37.hxg5 Rc4
38.Rc1 Rxd4 39.Rxc3 Rg4+ 40.Kf2 Rxg5 41.Rc6 Rg4 42.Rxb6 Rxa4
43.Rd6 Kf7 44.Rxd5 Kxf6 1/2-1/2

[Event "I. Hungarian E-mail Final"]
[Site "E4EC"]
[Date "2003.12.17"]
[Round "1"]
[White "Szabó, Zsolt"]
[Black "Tímár, Zsolt"]
[Board "1800"]
[TimeControl "10/50"]
[WhiteElo "2253"]
[BlackElo "2385"]
[WhiteCountry "HUN"]
[BlackCountry "HUN"]
[Result "1-0"]

1.d4 Nf6 2.c4 g6 3.Nc3 Bg7 4.Nf3 O-O 5.Bg5 d6 6.e3 h6 7.Bh4 Nbd7
8.Be2 c6 9.O-O g5 10.Bg3 Nh5 11.Qc2 Nxg3 12.hxg3 Nf6 13.Rfd1 Qc7
14.Rac1 b6 15.b4 Bd7 16.Nd2 a6 17.Nb3 Rfe8 18.Bf3 g4 19.Be2 a5
20.bxa5 bxa5 21.Rb1 a4 22.Nd2 a3 23.Na4 Ra7 24.Nb6 Be6 25.c5 dxc5
26.dxc5 Nd5 27.Nxd5 cxd5 28.Nb3 Rc8 29.Bb5 Bb2 30.c6 Rd8 31.Nd4 Qe5
32.Be2 Rc7 33.Nb5 Rcc8 34.Nd4 Rc7 35.Nb5 Rcc8 36.Qc5 Bf5 37.Bd3 Bd7
38.Nd4 Rf8 39.Ba6 Rc7 40.Bb7 Rb8 41.Qa5 Rcxb7 42.cxb7 Rxb7 43.e4 e6
44.exd5 exd5 45.Rd3 Rb8 46.Rbd1 Rc8 47.Re3 Qd6 48.Rb3 Qc5 49.Qxc5 Rxc5
50.Rb8+ Kh7 51.Rb7 Ba4 52.Rd3 Kg6 53.Ra7 Bb5 54.Nxb5 Rxb5 55.f3 h5
56.Ra6+ Kg7 57.Kf1 d4 58.Rd1 1-0

[Event "I. Hungarian E-mail Final"]
[Site "E4EC"]
[Date "2003.12.12"]
[Round "1"]
[White "Szabó, Zsolt"]
[Black "Molnár, Béla"]
[Board "1801"]
[TimeControl "10/50"]
[WhiteElo "2253"]
[BlackElo "2386"]
[WhiteCountry "HUN"]
[BlackCountry "HUN"]
[Result "1-0"]

1.d4 e6 2.c4 b6 3.Nf3 Bb7 4.a3 f5 5.Nc3 Nf6 6.d5 Na6 7.b4 g6 8.e3 Bg7
9.Bb2 O-O 10.Qb3 Qe7 11.Be2 Kh8 12.Rd1 e5 13.O-O e4 14.Nd2 Ne8
15.f3 exf3 16.Rxf3 Nf6 17.e4 Ng4 18.exf5 gxf5 19.h3 Ne3 20.Re1 Rae8
21.Bf1 Nxf1 22.Rxe7 Nxd2 23.Rxg7 Nxf3+ 24.gxf3 Kxg7 25.Ne4+ 1-0

[Event "I. Hungarian E-mail Final"]
[Site "E4EC"]
[Date "2003.12.04"]
[Round "1"]
[White "Szabó, Zsolt"]
[Black "Szenczy, Sándor"]
[Board "1802"]
[TimeControl "10/50"]
[WhiteElo "2253"]
[BlackElo "2046"]
[WhiteCountry "HUN"]
[BlackCountry "HUN"]
[Result "1-0"]

1.d4 Nf6 2.c4 e5 3.dxe5 Ne4 4.Nd2 Nc5 5.Ngf3 Nc6 6.g3 Qe7 7.Bg2 Nxe5
8.O-O Nc6 9.b3 d6 10.Bb2 Bg4 11.Re1 O-O-O 12.Bc3 Qd7 13.b4 Ne6
14.a4 Be7 15.a5 Bf6 16.Bxf6 gxf6 17.Ne4 Bxf3 18.exf3 f5 19.Nf6 Qe7
20.Nd5 Qf8 21.b5 Ncd4 22.f4 Qg7 23.b6 cxb6 24.axb6 a6 25.Rxa6 1-0

[Event "I. Hungarian E-mail Final"]
[Site "E4EC"]
[Date "2003.12.06"]
[Round "1"]
[White "Szabó, Zsolt"]
[Black "Nagy, Sándor"]
[Board "1803"]
[TimeControl "10/50"]
[WhiteElo "2253"]
[BlackElo "2108"]
[WhiteCountry "HUN"]
[BlackCountry "HUN"]
[Result "1/2-1/2"]

1.d4 Nf6 2.c4 e6 3.Nf3 b6 4.a3 Bb7 5.Nc3 d5 6.cxd5 Nxd5 7.Qc2 Nxc3
8.bxc3 Nd7 9.e4 c5 10.Bf4 cxd4 11.cxd4 Rc8 12.Qb3 Be7 13.Bd3 Nf6
14.Qb5+ Bc6 15.Qb1 O-O 16.O-O Qd7 17.Re1 Nh5 18.Bd2 Ba4 19.Ra2 Rc7
20.d5 exd5 21.Ne5 Qd8 22.exd5 Nf6 1/2-1/2

[Event "I. Hungarian E-mail Final"]
[Site "E4EC"]
[Date "2004.01.24"]
[Round "1"]
[White "Szabó, Zsolt"]
[Black "Kiss, István"]
[Board "1804"]
[TimeControl "10/50"]
[WhiteElo "2253"]
[BlackElo "2207"]
[WhiteCountry "HUN"]
[BlackCountry "HUN"]
[Result "1-0"]

1.d4 g6 2.c4 Bg7 3.Nc3 d6 4.e4 f5 5.Nf3 Nh6 6.Bd3 fxe4 7.Bxe4 O-O
8.h4 Qe8 9.h5 Nf5 10.g4 e6 11.Ng5 Ne7 12.hxg6 hxg6 13.Be3 Na6
14.Qd3 Nb4 15.Qf1 Rf6 16.Qh3 Qd7 17.a3 Na6 18.Rh2 d5 19.O-O-O dxc4
20.Rdh1 1-0

[Event "I. Hungarian E-mail Final"]
[Site "E4EC"]
[Date "2003.12.17"]
[Round "1"]
[White "Tímár, Zsolt"]
[Black "Schulle, József"]
[Board "1805"]
[TimeControl "10/50"]
[WhiteElo "2385"]
[BlackElo "2166"]
[WhiteCountry "HUN"]
[BlackCountry "ROM"]
[Result "0-1"]

1.d4 Nf6 2.c4 e6 3.Nf3 d5 4.Nc3 Be7 5.Bg5 O-O 6.e3 Nc6 7.Rc1 h6
8.Bh4 Ne4 9.Bxe7 Nxe7 10.Bd3 Nxc3 11.Rxc3 dxc4 12.Bxc4 Qd6 13.O-O b6
14.Qe2 a6 15.a3 Bb7 16.Rd1 Rfd8 17.Rcc1 Nd5 18.Bxd5 Bxd5 19.e4 Bb7
20.Ne5 Rac8 21.b4 Qf8 22.f3 Qe8 23.Qc2 Rd6 24.a4 Qd8 25.Qb2 Qg5
26.Nc4 Rd7 27.Qd2 Qxd2 28.Rxd2 f6 29.Kf2 Kf7 30.Rd3 Rcd8 31.Ke3 Ke7
32.a5 e5 33.d5 b5 34.Nb2 Ba8 35.h4 Re8 36.Rdc3 c6 37.dxc6 Rc7
38.Nd3 Rec8 39.Nc5 Rxc6 40.Rd3 Rd8 41.Rxd8 Kxd8 42.Rd1+ Ke8 43.h5 Rc7
44.Rd6 Bb7 45.Nxb7 Rxb7 46.Rxa6 Kd7 47.Rb6 Rxb6 48.axb6 Kc6 49.f4 Kxb6
50.fxe5 fxe5 51.Kf3 Kc6 0-1

[Event "I. Hungarian E-mail Final"]
[Site "E4EC"]
[Date "2003.12.17"]
[Round "1"]
[White "Tímár, Zsolt"]
[Black "Kovács, Arthur"]
[Board "1806"]
[TimeControl "10/50"]
[WhiteElo "2385"]
[BlackElo "2278"]
[WhiteCountry "HUN"]
[BlackCountry "HUN"]
[Result "0-1"]

1.d4 d5 2.c4 e6 3.Nc3 Nf6 4.Bg5 Be7 5.e3 h6 6.Bh4 O-O 7.Rc1 b6
8.cxd5 Nxd5 9.Nxd5 exd5 10.Bxe7 Qxe7 11.Bd3 c5 12.Ne2 Bb7 13.O-O c4
14.Bb1 Nc6 15.b3 cxb3 16.Qxb3 Qd6 17.Nf4 Rad8 18.h4 f5 19.h5 Nxd4
20.Qa4 Ne6 21.Nxe6 Qxe6 22.Rc7 Rf7 23.Rxf7 Kxf7 24.Qf4 Kg8 25.Bxf5 Qf6
26.Qc7 Ba6 27.Rd1 d4 28.g4 d3 29.e4 Rf8 30.Qxa7 Bc4 31.Qc7 Qd4
32.Qf4 Ra8 33.a4 Bb3 0-1

[Event "I. Hungarian E-mail Final"]
[Site "E4EC"]
[Date "2003.12.17"]
[Round "1"]
[White "Tímár, Zsolt"]
[Black "Száva, Miklós"]
[Board "1807"]
[TimeControl "10/50"]
[WhiteElo "2385"]
[BlackElo "1800"]
[WhiteCountry "HUN"]
[BlackCountry "HUN"]
[Result "1/2-1/2"]

1.e4 c5 2.Nf3 d6 3.d4 cxd4 4.Nxd4 g6 5.Nc3 Bg7 6.Be3 Nf6 7.f3 O-O
8.Qd2 Nc6 9.Bc4 Bd7 10.O-O-O Rc8 11.Bb3 Ne5 12.h4 Nc4 13.Bxc4 Rxc4
14.h5 Nxh5 15.g4 Nf6 16.Nd5 e6 17.Nxf6+ Qxf6 18.Qh2 Rfc8 19.Qxh7+ Kf8
20.Kb1 e5 21.Nf5 gxf5 22.gxf5 Rxc2 23.Rhg1 Re2 24.Bg5 Bxf5 25.exf5 1/2-1/2

[Event "I. Hungarian E-mail Final"]
[Site "E4EC"]
[Date "2003.12.17"]
[Round "1"]
[White "Tímár, Zsolt"]
[Black "Farkas, Zsolt"]
[Board "1808"]
[TimeControl "10/50"]
[WhiteElo "2385"]
[BlackElo "2356"]
[WhiteCountry "HUN"]
[BlackCountry "HUN"]
[Result "1/2-1/2"]

1.d4 f5 2.c4 Nf6 3.g3 g6 4.Bg2 Bg7 5.Nc3 d6 6.Nf3 O-O 7.O-O Qe8
8.d5 Na6 9.Rb1 c6 10.dxc6 bxc6 11.b4 Bd7 12.a3 Nc7 13.Bb2 Rd8
14.b5 Rb8 15.Nd4 cxb5 16.cxb5 d5 17.f4 e6 18.a4 Qe7 19.Qb3 Rfc8
20.Rfc1 Na6 21.Nd1 1/2-1/2

[Event "I. Hungarian E-mail Final"]
[Site "E4EC"]
[Date "2003.12.17"]
[Round "1"]
[White "Tímár, Zsolt"]
[Black "Laszlo, Imre"]
[Board "1809"]
[TimeControl "10/50"]
[WhiteElo "2385"]
[BlackElo "1800"]
[WhiteCountry "HUN"]
[BlackCountry "HUN"]
[Result "1-0"]

1.d4 Nf6 2.c4 c5 3.d5 b5 4.cxb5 a6 5.f3 axb5 6.e4 Qa5+ 7.Bd2 b4
8.Na3 d6 9.Nc4 Qc7 10.a3 bxa3 11.Rxa3 Rxa3 12.bxa3 e6 13.Qa4+ Nfd7
14.Ne3 Qb7 15.Bc4 Qb1+ 16.Ke2 exd5 17.Nxd5 Bb7 18.Nc3 1-0

[Event "I. Hungarian E-mail Final"]
[Site "E4EC"]
[Date "2003.12.17"]
[Round "1"]
[White "Tímár, Zsolt"]
[Black "Kerekes, Jozsef"]
[Board "1810"]
[TimeControl "10/50"]
[WhiteElo "2385"]
[BlackElo "2282"]
[WhiteCountry "HUN"]
[BlackCountry "YUG"]
[Result "1/2-1/2"]

1.e4 e6 2.d4 d5 3.Nd2 Nf6 4.e5 Nfd7 5.Bd3 c5 6.c3 Nc6 7.Ne2 cxd4
8.cxd4 f6 9.exf6 Nxf6 10.Nf3 Bd6 11.O-O O-O 12.Bf4 Kh8 13.Qd2 Ne4
14.Qe3 Nxd4 15.Qxd4 Bxf4 16.Bxe4 dxe4 17.Qxe4 Qd5 18.Qxd5 exd5
19.Rfd1 Bc7 20.Rac1 Bb6 21.Nc3 d4 22.Nd5 Bg4 23.Rc4 g5 24.Nxb6 axb6
25.a3 Bxf3 26.gxf3 Rxf3 27.Rcxd4 Raf8 28.R1d2 Kg7 29.Kg2 h6
30.Rd7+ R8f7 31.Rxf7+ Rxf7 32.Rd6 Rf6 33.Rd7+ Rf7 34.Rd6 Rf6
35.Rd7+ Rf7 36.Rd5 Kg6 37.Kg3 h5 38.h3 Rf6 39.Rd7 Rf7 40.Rd6+ Rf6
41.Rd4 h4+ 42.Kg2 b5 43.Rd7 1/2-1/2

[Event "I. Hungarian E-mail Final"]
[Site "E4EC"]
[Date "2003.12.17"]
[Round "1"]
[White "Tímár, Zsolt"]
[Black "Darvasi, Ferenc"]
[Board "1811"]
[TimeControl "10/50"]
[WhiteElo "2385"]
[BlackElo "2315"]
[WhiteCountry "HUN"]
[BlackCountry "HUN"]
[Result "0-1"]

1.e4 c5 2.Nf3 Nc6 3.d4 cxd4 4.Nxd4 Nf6 5.Nc3 d6 6.Bg5 e6 7.Qd2 Be7
8.O-O-O O-O 9.f4 Nxd4 10.Qxd4 Qa5 11.Bc4 Bd7 12.e5 dxe5 13.fxe5 Bc6
14.Bd2 Bc5 15.Qh4 Nd7 16.Bd3 g6 17.Rhe1 Rfe8 18.Kb1 Be7 19.Qg3 Qb6
20.Be3 Qa5 21.Bd4 b5 22.h4 b4 23.h5 g5 24.Be4 Rac8 25.Qf3 Qc7
26.Bxc6 Qxc6 27.Qxc6 Rxc6 28.Ne4 a6 29.c3 bxc3 30.bxc3 Rb8+ 31.Ka1 h6
32.Rb1 Rbc8 33.Rb7 R8c7 34.Reb1 Ba3 35.Rxc7 Rxc7 36.Nf6+ Kf8
37.Nxd7+ Rxd7 38.Rb6 Rd5 39.Rxa6 Bc5 40.Ra8+ Ke7 41.Ra4 Bxd4
42.cxd4 g4 0-1

[Event "I. Hungarian E-mail Final"]
[Site "E4EC"]
[Date "2003.12.15"]
[Round "1"]
[White "Száva, Miklós"]
[Black "Fenyvesi, Miklós"]
[Board "1812"]
[TimeControl "10/50"]
[WhiteElo "1800"]
[BlackElo "1800"]
[WhiteCountry "HUN"]
[BlackCountry "HUN"]
[Result "1-0"]

1.e4 c5 2.Nf3 Nc6 3.d4 cxd4 4.Nxd4 Nf6 5.Nc3 e5 6.Ndb5 d6 7.Bg5 a6
8.Na3 b5 9.Bxf6 gxf6 10.Nd5 Bg7 11.Bd3 Ne7 12.Nxe7 Qxe7 13.O-O O-O
14.c4 f5 15.Qf3 d5 16.cxd5 fxe4 17.Bxe4 Rb8 18.Rad1 Rb6 19.Qd3 Qd7
20.Bxh7+ Kh8 21.Qe3 Rh6 22.Bb1 Qd6 23.Rfe1 f5 24.Nc2 f4 25.Qa3 Qf6
26.Nb4 f3 27.Be4 fxg2 28.Qg3 Rh3 29.Qxg2 Rg8 30.Rc1 Qf8 31.Bg6 Qxb4
32.Bf7 Rh4 33.a3 Qxb2 34.Bxg8 Bh3 35.Qg3 Rg4 36.Be6 Rxg3+ 37.hxg3 Bxe6
38.dxe6 Qxa3 39.Rc8+ Bf8 40.Re3 Qe7 41.Rf3 Qxe6 42.Rfxf8+ Kg7
43.Rfe8 Qa2 44.Red8 Kf6 45.Rc6+ Kf5 46.Rdd6 Ke4 47.Rxa6 Qb1+
48.Kg2 Qb3 49.Ra1 Kf5 50.Re1 Qb2 51.Rdd1 Qa2 52.Rb1 Qd5+ 53.Kg1 Qd3
54.Rb4 Kf6 55.Reb1 e4 56.R1b3 Qd1+ 57.Kg2 e3 58.Rxe3 Qd5+ 59.Ree4 Kg6
60.Kh2 Qh5+ 61.Rh4 Qe2 62.Rhg4+ 1-0

[Event "I. Hungarian E-mail Final"]
[Site "E4EC"]
[Date "2003.12.06"]
[Round "1"]
[White "Száva, Miklós"]
[Black "Fogarasi, Norbert"]
[Board "1813"]
[TimeControl "10/50"]
[WhiteElo "1800"]
[BlackElo "1800"]
[WhiteCountry "HUN"]
[BlackCountry "HUN"]
[Result "1-0"]

1.e4 c5 2.Nf3 e6 3.d4 cxd4 4.Nxd4 Qb6 5.Nc3 Bc5 6.Be3 Nc6 7.Na4 Qa5+
8.c3 Bxd4 9.Bxd4 Nxd4 10.Qxd4 e5 11.Qb4 Qxb4 12.cxb4 d6 13.Bb5+ Ke7
14.Rc1 Be6 15.O-O Rb8 16.Nc3 Nf6 17.Rfe1 Rhc8 18.f3 Rc7 19.Re2 Rbc8
20.Rd1 a6 21.Bd3 b5 22.Red2 g5 23.Kf2 h5 24.Bf1 Rc6 25.Ra1 Bd7
26.a3 h4 27.Ke3 g4 28.Be2 gxf3 29.gxf3 Rg8 30.a4 bxa4 31.Nxa4 Rg2
32.Bd3 Rxd2 33.Kxd2 d5 34.Nc5 Bc8 35.Ra5 Rb6 36.Kc3 Kd6 37.Bf1 h3
38.Kb3 Ke7 39.Bxa6 Bxa6 40.Nxa6 dxe4 41.fxe4 Nxe4 42.Rxe5+ Re6
43.Rxe6+ fxe6 44.Ka4 Kd6 45.b5 Nd2 46.b4 Nc4 47.Nc5 e5 48.Ne4+ Kd5
49.Ng5 e4 50.Nxh3 Kd4 51.Nf4 Ke3 52.Kb3 Nb6 53.Ne6 Kf3 54.Nd4+ Ke3
55.Nc2+ Kf4 56.Kc3 1-0

[Event "I. Hungarian E-mail Final"]
[Site "E4EC"]
[Date "2003.12.04"]
[Round "1"]
[White "Száva, Miklós"]
[Black "Szabó, Zsolt"]
[Board "1814"]
[TimeControl "10/50"]
[WhiteElo "1800"]
[BlackElo "2253"]
[WhiteCountry "HUN"]
[BlackCountry "HUN"]
[Result "1/2-1/2"]

1.e4 e5 2.Nf3 Nc6 3.d4 exd4 4.Nxd4 Bc5 5.Be3 Qf6 6.c3 Nge7 7.Bc4 O-O
8.O-O Bb6 9.Nc2 d6 10.Bxb6 axb6 11.f4 Be6 12.Ne3 Bxc4 13.Nxc4 Rfd8
14.Qf3 d5 15.exd5 Nxd5 16.Nba3 1/2-1/2

[Event "I. Hungarian E-mail Final"]
[Site "E4EC"]
[Date "2003.12.12"]
[Round "1"]
[White "Száva, Miklós"]
[Black "Molnár, Béla"]
[Board "1815"]
[TimeControl "10/50"]
[WhiteElo "1800"]
[BlackElo "1800"]
[WhiteCountry "HUN"]
[BlackCountry "HUN"]
[Result "1-0"]

1.e4 e6 2.d4 d5 3.Nc3 Bb4 4.e5 c5 5.a3 Bxc3+ 6.bxc3 Qa5 7.Bd2 Qa4
8.Qg4 g6 9.Bd3 c4 10.Be2 Qxc2 11.Nf3 Nd7 12.O-O Ne7 13.Bd1 Qf5
14.Qh4 h6 15.Bg5 1-0

[Event "I. Hungarian E-mail Final"]
[Site "E4EC"]
[Date "2003.12.04"]
[Round "1"]
[White "Száva, Miklós"]
[Black "Szenczy, Sándor"]
[Board "1816"]
[TimeControl "10/50"]
[WhiteElo "1800"]
[BlackElo "2046"]
[WhiteCountry "HUN"]
[BlackCountry "HUN"]
[Result "1/2-1/2"]

1.e4 c5 2.Nc3 Nc6 3.f4 g6 4.Nf3 Bg7 5.Bc4 e6 6.f5 Nge7 7.fxe6 fxe6
8.d3 d5 9.Bb3 b5 10.a3 c4 11.Ba2 O-O 12.O-O a6 13.Kh1 Bb7 14.dxc4 dxc4
15.Be3 Ne5 16.Ng5 Rxf1+ 17.Qxf1 Qc8 18.Qg1 h6 19.Nf3 Nxf3 20.gxf3 Qf8
21.Qg4 Qf7 22.Rf1 Rd8 23.a4 Bc6 24.h4 Kh7 25.Rd1 Rxd1+ 26.Nxd1 Ng8
27.c3 Nf6 28.Qg2 e5 29.Kg1 Nh5 30.Nf2 Nf4 31.Bxf4 Qxf4 32.Qh3 Qc1+
33.Kg2 Qd2 34.Qc8 Bd7 35.Qxa6 Qxb2 36.axb5 Bh3+ 37.Kg3 Bf1 38.h5 gxh5
39.Qe6 h4+ 40.Kg4 Qxf2 41.Qf5+ 1/2-1/2

[Event "I. Hungarian E-mail Final"]
[Site "E4EC"]
[Date "2003.12.06"]
[Round "1"]
[White "Száva, Miklós"]
[Black "Nagy, Sándor"]
[Board "1817"]
[TimeControl "10/50"]
[WhiteElo "1800"]
[BlackElo "1800"]
[WhiteCountry "HUN"]
[BlackCountry "HUN"]
[Result "1/2-1/2"]

1.e4 c5 2.Nf3 d6 3.d4 cxd4 4.Nxd4 Nf6 5.Nc3 a6 6.Rg1 e5 7.Nb3 Be6
8.g4 d5 9.g5 Nxe4 10.Nxe4 dxe4 11.Qxd8+ Kxd8 12.Bg2 Kc7 13.Be3 h6
14.gxh6 g6 15.Bxe4 Nd7 16.O-O-O Bxh6 17.Bxh6 Rxh6 18.Rg3 Nf6
19.Bg2 Rxh2 20.Nc5 Bg4 21.Bxb7 Bxd1 22.Bxa8 Bg4 23.Rg2 Rh8 24.Ne4 Bf3
25.Nxf6 Bxa8 26.Rg3 Rh4 27.Ng4 Kd6 28.Kd2 Be4 29.Ne3 Rf4 30.Ke2 f6
31.b4 g5 32.c4 Bg6 33.Rh3 Rd4 34.a3 Bd3+ 35.Ke1 Ke6 36.c5 Rh4
37.Rg3 Be4 38.Kd2 1/2-1/2

[Event "I. Hungarian E-mail Final"]
[Site "E4EC"]
[Date "2004.01.24"]
[Round "1"]
[White "Száva, Miklós"]
[Black "Kiss, István"]
[Board "1818"]
[TimeControl "10/50"]
[WhiteElo "1800"]
[BlackElo "2207"]
[WhiteCountry "HUN"]
[BlackCountry "HUN"]
[Result "1-0"]

1.e4 g6 2.d4 Bg7 3.Nc3 d6 4.f4 c6 5.Nf3 Bg4 6.Bc4 Bxf3 7.Qxf3 Bxd4
8.Ne2 Qb6 9.c3 Bg7 10.Be3 Qxb2 11.O-O b5 12.Rab1 Qa3 13.Bxb5 Qxa2
14.e5 Kf8 15.Bxc6 Nxc6 16.Qxc6 Re8 17.Nd4 Qa5 18.f5 Bxe5 19.fxg6 Bf6
20.g7+ 1-0

[Event "I. Hungarian E-mail Final"]
[Site "E4EC"]
[Date "2003.12.14"]
[Round "1"]
[White "Molnár, Béla"]
[Black "Schulle, József"]
[Board "1819"]
[TimeControl "10/50"]
[WhiteElo "1800"]
[BlackElo "2166"]
[WhiteCountry "HUN"]
[BlackCountry "ROM"]
[Result "0-1"]

1.d4 Nf6 2.c4 e6 3.Nc3 d5 4.Bg5 dxc4 5.e4 h6 6.Bh4 g5 7.Bg3 Bb4
8.f3 b5 9.a3 Ba5 10.Nge2 a6 11.b3 cxb3 12.Qxb3 g4 13.Bh4 gxf3
14.gxf3 Bb7 15.O-O-O Nbd7 16.e5 Bxc3 17.Nxc3 Bxf3 18.Be2 Bxh1
19.Rxh1 c5 20.Ne4 Nxe4 0-1

[Event "I. Hungarian E-mail Final"]
[Site "E4EC"]
[Date "2003.12.17"]
[Round "1"]
[White "Molnár, Béla"]
[Black "Kovács, Arthur"]
[Board "1820"]
[TimeControl "10/50"]
[WhiteElo "1800"]
[BlackElo "2278"]
[WhiteCountry "HUN"]
[BlackCountry "HUN"]
[Result "0-1"]

1.Nf3 Nf6 2.d4 d5 3.c4 e6 4.Nc3 Be7 5.Bg5 h6 6.Bxf6 Bxf6 7.e3 O-O
8.Rc1 c6 9.Bd3 Nd7 10.O-O dxc4 11.Bxc4 e5 12.h3 exd4 13.exd4 Nb6
14.Bb3 Bf5 15.Ne5 Bxe5 16.dxe5 Qh4 17.Qf3 Be6 18.Bc2 Nd5 0-1

[Event "I. Hungarian E-mail Final"]
[Site "E4EC"]
[Date "2003.12.12"]
[Round "1"]
[White "Molnár, Béla"]
[Black "Farkas, Zsolt"]
[Board "1822"]
[TimeControl "10/50"]
[WhiteElo "1800"]
[BlackElo "2356"]
[WhiteCountry "HUN"]
[BlackCountry "HUN"]
[Result "0-1"]

1.Nf3 f5 2.d4 Nf6 3.g3 g6 4.Bg2 Bg7 5.O-O O-O 6.c4 d6 7.Nc3 Qe8
8.d5 Na6 9.Rb1 c6 10.dxc6 bxc6 11.b4 Bd7 12.b5 cxb5 13.cxb5 Nc5
14.Nd4 Rc8 15.a4 a6 16.Ba3 Nce4 17.Nxe4 Nxe4 18.e3 axb5 19.axb5 Nc3 0-1

[Event "I. Hungarian E-mail Final"]
[Site "E4EC"]
[Date "2003.12.12"]
[Round "1"]
[White "Molnár, Béla"]
[Black "Laszlo, Imre"]
[Board "1823"]
[TimeControl "10/50"]
[WhiteElo "1800"]
[BlackElo "1800"]
[WhiteCountry "HUN"]
[BlackCountry "HUN"]
[Result "1/2-1/2"]

1.Nf3 Nf6 2.c4 e6 3.Nc3 d5 4.d4 c6 5.Bg5 Be7 6.e3 Nbd7 7.cxd5 exd5
8.Bd3 Ne4 9.Bxe7 Qxe7 10.Qc2 Ndf6 11.O-O O-O 12.Ne5 Re8 13.a3 1/2-1/2

[Event "I. Hungarian E-mail Final"]
[Site "E4EC"]
[Date "2003.12.17"]
[Round "1"]
[White "Molnár, Béla"]
[Black "Kerekes, Jozsef"]
[Board "1824"]
[TimeControl "10/50"]
[WhiteElo "1800"]
[BlackElo "2282"]
[WhiteCountry "HUN"]
[BlackCountry "YUG"]
[Result "0-1"]

1.e4 g6 2.d4 Bg7 3.c4 d6 4.Nc3 Nf6 5.Be2 O-O 6.Nf3 e5 7.O-O exd4
8.Nxd4 Re8 9.f3 Nc6 10.Nxc6 bxc6 11.Bg5 h6 12.Bh4 Be6 13.Qc2 Qb8
14.c5 Qb4 15.cxd6 cxd6 16.Rfd1 Rab8 17.Rd2 d5 18.a3 Qa5 0-1

[Event "I. Hungarian E-mail Final"]
[Site "E4EC"]
[Date "2003.12.14"]
[Round "1"]
[White "Molnár, Béla"]
[Black "Darvasi, Ferenc"]
[Board "1825"]
[TimeControl "10/50"]
[WhiteElo "1800"]
[BlackElo "2315"]
[WhiteCountry "HUN"]
[BlackCountry "HUN"]
[Result "0-1"]

1.d4 Nf6 2.c4 g6 3.Nc3 Bg7 4.e4 d6 5.Be2 O-O 6.Nf3 e5 7.Be3 Nbd7
8.O-O exd4 9.Nxd4 Re8 10.f3 c6 11.Qd2 Qe7 12.Nc2 Rd8 13.Rfe1 Ne5
14.Bf1 Be6 15.b3 d5 0-1

[Event "I. Hungarian E-mail Final"]
[Site "E4EC"]
[Date "2003.12.15"]
[Round "1"]
[White "Farkas, Zsolt"]
[Black "Fenyvesi, Miklós"]
[Board "1826"]
[TimeControl "10/50"]
[WhiteElo "2356"]
[BlackElo "1800"]
[WhiteCountry "HUN"]
[BlackCountry "HUN"]
[Result "1-0"]

1.e4 c5 2.Nf3 d6 3.d4 cxd4 4.Nxd4 Nf6 5.Nc3 g6 6.Be3 Bg7 7.f3 O-O
8.Qd2 Nc6 9.Bc4 Bd7 10.O-O-O Rc8 11.Bb3 Ne5 12.h4 h5 13.Kb1 Nc4
14.Bxc4 Rxc4 15.Nb3 Qc7 16.Bd4 Bc6 17.Rhe1 b5 18.e5 dxe5 19.Bxe5 Qb6
20.Qe2 Re8 21.Nd2 Rxh4 22.g3 Rb4 23.a3 Rd4 24.Bxd4 Qxd4 25.Nxb5 Qb6
26.a4 Qb7 27.Qd3 a6 28.Nd4 Bxa4 29.Qa3 Qd7 30.Nc4 Nd5 31.Nb3 Bc6
32.Nca5 Ba8 33.c4 Qf5+ 34.Ka2 Qxf3 35.cxd5 Bxd5 36.Qc5 Qg2 37.Qc1 e6
38.Rd2 Bxb3+ 39.Nxb3 Qxg3 40.Rc2 Rb8 41.Re3 Qg5 42.Rc5 Qg2 43.Rd3 h4
44.Rc4 g5 45.Rd2 Qg3 46.Qd1 Qe5 47.Rc5 Qe3 48.Rd8+ 1-0

[Event "I. Hungarian E-mail Final"]
[Site "E4EC"]
[Date "2003.12.06"]
[Round "1"]
[White "Farkas, Zsolt"]
[Black "Fogarasi, Norbert"]
[Board "1827"]
[TimeControl "10/50"]
[WhiteElo "2356"]
[BlackElo "1800"]
[WhiteCountry "HUN"]
[BlackCountry "HUN"]
[Result "1-0"]

1.e4 c5 2.Nf3 e6 3.d4 cxd4 4.Nxd4 Nf6 5.Nc3 d6 6.f4 a6 7.Qf3 Qb6
8.Nb3 Qc7 9.Bd3 Be7 10.O-O Nbd7 11.Bd2 b5 12.Rae1 Bb7 13.a3 O-O
14.Qh3 Rfe8 15.e5 dxe5 16.fxe5 Nxe5 17.Rxe5 Bxg2 18.Kxg2 Qxe5
19.Rxf6 Bxf6 20.Qxh7+ Kf8 21.Nxb5 Ke7 22.N5d4 Kd7 23.Nf3 Qd5 24.c4 Qd6
25.Bb4 Qf4 26.Qh5 g6 27.Qa5 Qg4+ 28.Kf2 Bh4+ 29.Ke3 1-0

[Event "I. Hungarian E-mail Final"]
[Site "E4EC"]
[Date "2003.12.04"]
[Round "1"]
[White "Farkas, Zsolt"]
[Black "Szabó, Zsolt"]
[Board "1828"]
[TimeControl "10/50"]
[WhiteElo "2356"]
[BlackElo "2253"]
[WhiteCountry "HUN"]
[BlackCountry "HUN"]
[Result "1/2-1/2"]

1.e4 e5 2.Nf3 Nc6 3.Bb5 a6 4.Ba4 Nf6 5.O-O Be7 6.Re1 b5 7.Bb3 O-O
8.c3 d6 9.h3 Bb7 10.d4 Re8 11.Nbd2 Bf8 12.a4 h6 13.Bc2 exd4
14.cxd4 Nb4 15.Bb1 c5 16.d5 Nd7 17.Ra3 f5 18.Nh2 Qe7 19.Rae3 f4
20.Ra3 g5 21.Ndf3 bxa4 22.h4 Bg7 23.hxg5 hxg5 24.g3 Rf8 25.gxf4 gxf4
26.Kh1 c4 27.Bd2 Nd3 28.Bxd3 cxd3 29.Bc3 Rf7 30.Nd4 Nc5 31.Nf5 Rxf5
32.exf5 Bxd5+ 33.f3 Be5 34.f6 Qxf6 35.Rxe5 dxe5 36.Qg1+ Kf7
37.Qxc5 Qc6 38.Qxc6 Bxc6 39.Kg2 Ke6 40.Ra1 Kf5 41.Kf2 Rh8 42.Ng4 Re8 1/2-1/2

[Event "I. Hungarian E-mail Final"]
[Site "E4EC"]
[Date "2003.12.04"]
[Round "1"]
[White "Farkas, Zsolt"]
[Black "Száva, Miklós"]
[Board "1829"]
[TimeControl "10/50"]
[WhiteElo "2356"]
[BlackElo "1800"]
[WhiteCountry "HUN"]
[BlackCountry "HUN"]
[Result "0-1"]

1.e4 c5 2.Nf3 d6 3.d4 cxd4 4.Nxd4 Nf6 5.Nc3 g6 6.Be3 Bg7 7.f3 O-O
8.Qd2 Nc6 9.Bc4 Bd7 10.O-O-O Rc8 11.Bb3 Ne5 12.h4 Nc4 13.Bxc4 Rxc4
14.h5 Nxh5 15.g4 Nf6 16.Nb3 Re8 17.Qh2 Rxc3 18.bxc3 Qc7 19.Bf4 h5
20.e5 Nxg4 21.fxg4 Bxg4 22.Rde1 Qxc3 23.Re3 Qb4 24.Kb2 Rc8 25.Rhe1 a5
26.c3 Qb5 27.Ka1 dxe5 28.Bxe5 f6 29.Bg3 e5 30.Qf2 Qd5 31.Qd2 Qf7
32.Qf2 a4 33.Nd2 Qd5 34.Nb1 b5 35.Qb2 Kh7 36.Bh2 Bh6 37.Rg3 Rc4
38.Na3 Rc7 39.Reg1 Rc5 40.Rf1 f5 41.Bg1 Rc8 42.Bf2 Qc6 43.Nb1 f4
44.Rgg1 Re8 45.Na3 e4 46.Bd4 e3 47.Nc2 e2 48.Rb1 Bf5 0-1

[Event "I. Hungarian E-mail Final"]
[Site "E4EC"]
[Date "2003.12.04"]
[Round "1"]
[White "Farkas, Zsolt"]
[Black "Szenczy, Sándor"]
[Board "1830"]
[TimeControl "10/50"]
[WhiteElo "2356"]
[BlackElo "2046"]
[WhiteCountry "HUN"]
[BlackCountry "HUN"]
[Result "1-0"]

1.e4 c5 2.Nf3 d6 3.d4 cxd4 4.Nxd4 Nf6 5.Nc3 g6 6.Be3 Bg7 7.f3 O-O
8.Qd2 Nc6 9.g4 Be6 10.Nxe6 fxe6 11.O-O-O Ne5 12.Be2 Rc8 13.Nb5 Qd7
14.Nd4 Nc4 15.Bxc4 Rxc4 16.Kb1 Rfc8 17.c3 b5 18.Rc1 Rb8 19.h4 b4
20.Qd3 d5 21.e5 Ne8 22.f4 bxc3 23.b3 Qa4 24.Ka1 Qa3 25.Rxc3 Rxc3
26.Qxc3 Qa6 27.Rc1 Bf8 28.Qc2 Bh6 29.Kb2 Rb4 30.g5 Bf8 31.Qc8 Qxc8
32.Rxc8 Ng7 33.a3 Rb7 34.Nc6 1-0

[Event "I. Hungarian E-mail Final"]
[Site "E4EC"]
[Date "2003.12.06"]
[Round "1"]
[White "Farkas, Zsolt"]
[Black "Nagy, Sándor"]
[Board "1831"]
[TimeControl "10/50"]
[WhiteElo "2356"]
[BlackElo "1800"]
[WhiteCountry "HUN"]
[BlackCountry "HUN"]
[Result "1-0"]

1.e4 c5 2.Nf3 d6 3.d4 cxd4 4.Nxd4 Nf6 5.Nc3 a6 6.Be3 e5 7.Nb3 Be6
8.f3 Be7 9.Qd2 Nbd7 10.g4 h6 11.O-O-O b5 12.h4 Nb6 13.Qf2 Nfd7
14.Kb1 Qc7 15.Nd5 Bxd5 16.exd5 Nc4 17.Bc1 a5 18.Nd2 a4 19.f4 exf4
20.Qxf4 Rc8 21.Nxc4 bxc4 22.Rh3 a3 23.Rxa3 Bxh4 24.Rc3 Ne5
25.Bxc4 Nxc4 26.Qe4+ Kd8 27.Rd4 Re8 28.Qd3 Nxb2 29.Qa6 Qd7
30.Rxc8+ Qxc8 31.Qxd6+ Qd7 32.Qb8+ Qc8 33.Rb4 Nc4 34.Qxc8+ Kxc8
35.Rxc4+ Kd7 36.Bf4 Re1+ 37.Kb2 Bf6+ 38.Kb3 Rb1+ 39.Ka4 Rd1
40.Rc7+ Ke8 41.c4 Bd8 42.Rc6 Rd4 43.Bd6 Rxg4 44.Kb5 f5 45.a4 Rg1
46.a5 Rb1+ 47.Bb4 Bg5 48.a6 Bd2 49.a7 Rxb4+ 50.Kc5 Ra4 51.Rc8+ Kd7
52.a8=Q Rxa8 53.Rxa8 g5 54.Ra7+ Ke8 55.Kd6 Kf8 56.c5 Be3 57.Rb7 1-0